[Event "27th CRO-chT Women 2018"]
[Site "Biograd"]
[Date "2018.09.10"]
[Round "4.5"]
[White "Rozman, Monika"]
[Black "Videnova, Iva"]
[Result "0-1"]
[ECO "A03"]
[WhiteElo "2037"]
[BlackElo "2336"]
[Annotator "NA"]
[PlyCount "98"]
[EventDate "2018.09.08"]
[EventType "team-tourn"]
[EventCountry "CRO"]
[SourceTitle "playchess.com"]
[Source "ChessBase"]
[SourceQuality "1"]
[TimeControl "40/5400+30:1800+30"]

1. f4 c5 2. Nf3 Nc6 3. g3 d5 4. Bg2 g6 5. d3 Bg7 6. O-O Nf6 7. Qe1 d4 {[%emt 0:00:30] A03: Bird's Opening with 1...d5} (7... Qb6 8. Kh1 Nd4 9. Na3 Nxf3 10. Rxf3 h5 11. h3 Bf5 12. c4 d4 13. Rf1 O-O 14. Rb1 a5 15. Qf2 {½-½ (81) Nakamura,H (2775)-Fedoseev,V (2662) Dubai 2014}) 8. Na3 Nd5 9. Bd2 O-O 10. c3 e5 11. fxe5 Nxe5 12. Nxe5 Bxe5 13. Nc4 Bg7 14. e4 dxe3 15. Bxe3 Nxe3 16. Qxe3 Qc7 17. Qf4 $146 ({Predecessor:} 17. Bd5 Bh3 {0-1 (29) Brenc,T (2075)-Medancic,R (2251) Rijeka 2009}) 17... Qxf4 18. Rxf4 Rd8 19. Na5 Bh6 20. Rff1 Rxd3 21. Rad1 Rxd1 22. Rxd1 Bg4 23. Re1 Rd8 24. Nxb7 Rd2 25. Nxc5 Rxb2 26. Ne4 Be2 27. g4 Be3+ 28. Kh1 Bf4 29. g5 Rxa2 30. c4 Rc2 31. c5 h6 32. h4 hxg5 33. hxg5 Kg7 34. Kg1 Bd3 35. Nf6 Rxc5 36. Ne8+ Kf8 37. Nf6 Rc1 38. Rxc1 Bxc1 39. Bd5 Bf5 40. Kf2 a5 $19 41. Bb3 Ke7 42. Nd5+ Kd6 43. Nc3 Be6 44. Bc2 Ke5 45. Ne4 Bf5 46. Kf3 a4 47. Bd3 a3 48. Nf2 a2 49. Bxf5 Kxf5 0-1

[Event "27th CRO-chT Women 2018"]
[Site "Biograd"]
[Date "2018.09.10"]
[Round "4.7"]
[White "Ljikar, Tamara"]
[Black "Cvitan, Ena"]
[Result "1/2-1/2"]
[ECO "B13"]
[WhiteElo "1920"]
[BlackElo "2009"]
[Annotator "NA"]
[PlyCount "42"]
[EventDate "2018.09.08"]
[EventType "team-tourn"]
[EventCountry "CRO"]
[SourceTitle "playchess.com"]
[Source "ChessBase"]
[SourceQuality "1"]
[TimeControl "40/5400+30:1800+30"]

1. e4 c6 2. d4 d5 3. exd5 cxd5 4. Bd3 Nc6 5. c3 Qc7 6. Qb3 Nxd4 7. Qxd5 Nc6 8. Bg5 Nf6 (8... h6 $17 9. Be3 Nf6) 9. Qb3 Be6 10. Qc2 Qe5+ 11. Be3 Bd5 12. Nf3 Bxf3 13. gxf3 O-O-O $11 14. Nd2 Nd5 15. Be4 e6 16. O-O-O Be7 17. Kb1 Qc7 18. Nb3 g6 19. h4 h5 20. Nd4 Nxe3 21. fxe3 Nxd4 1/2-1/2

[Event "27th CRO-chT Women 2018"]
[Site "Biograd"]
[Date "2018.09.10"]
[Round "4.8"]
[White "Vujnovic, Patricija"]
[Black "Blazeka, Ivana"]
[Result "*"]
[ECO "D02"]
[WhiteElo "2056"]
[BlackElo "1610"]
[Annotator "NA"]
[PlyCount "41"]
[EventDate "2018.09.08"]
[EventType "team-tourn"]
[EventCountry "CRO"]
[SourceTitle "playchess.com"]
[Source "ChessBase"]
[SourceQuality "1"]
[TimeControl "40/5400+30:1800+30"]

1. d4 d5 2. Nf3 Nf6 3. Bf4 Bf5 4. e3 e6 5. c4 Be7 6. Qb3 b6 7. Nc3 O-O 8. cxd5 Nxd5 9. Nxd5 exd5 10. Be2 c5 11. Ne5 $15 (11. dxc5 $11 bxc5 12. Rd1) 11... cxd4 12. exd4 Bf6 13. Rc1 Bg5 14. Bxg5 Qxg5 15. O-O Rd8 16. Rc7 Be6 17. f4 Qf5 18. Bd3 Qf6 19. f5 Bc8 20. Rxf7 Qg5 21. f6 *

[Event "27th CRO-chT Women 2018"]
[Site "Biograd"]
[Date "2018.09.10"]
[Round "4.10"]
[White "Stadler, Brigita"]
[Black "Medic, Mirjana"]
[Result "0-1"]
[ECO "B22"]
[WhiteElo "2067"]
[BlackElo "2167"]
[Annotator "NA"]
[PlyCount "66"]
[EventDate "2018.09.08"]
[EventType "team-tourn"]
[EventCountry "CRO"]
[SourceTitle "playchess.com"]
[Source "ChessBase"]
[SourceQuality "1"]
[TimeControl "40/5400+30:1800+30"]

1. e4 e6 2. d4 d5 3. exd5 exd5 4. Nf3 Nf6 5. Bd3 c5 6. c3 c4 7. Be2 Nc6 8. b3 cxb3 9. axb3 Be7 10. O-O O-O 11. Nbd2 Qc7 12. Re1 Re8 13. Bd3 Bg4 14. Bb2 Bd6 15. Qc2 a6 16. h3 Bd7 17. Nf1 Rac8 18. Ne3 Bf4 19. Bf5 Bxe3 20. Rxe3 Rxe3 21. fxe3 Bxf5 22. Qxf5 Re8 23. Re1 Na5 24. Nd2 h6 25. Re2 Qb6 26. b4 Qb5 27. Qf3 Nc4 28. Bc1 Re6 29. Nb3 b6 30. Rf2 Qa4 31. Nd2 Rxe3 32. Qf5 Rxc3 33. Qc8+ Qe8 0-1

[Event "27th CRO-chT Women 2018"]
[Site "Biograd"]
[Date "2018.09.12"]
[Round "5.1"]
[White "Janzelj, Lara"]
[Black "Ivekovic, Ana"]
[Result "1-0"]
[ECO "D00"]
[WhiteElo "2254"]
[BlackElo "2118"]
[Annotator "ChessBase"]
[PlyCount "157"]
[EventDate "2018.09.08"]
[EventType "team-tourn"]
[EventCountry "CRO"]
[SourceTitle "playchess.com"]
[Source "ChessBase"]
[SourceQuality "1"]
[TimeControl "40/5400+30:1800+30"]

1. d4 Nf6 2. Bg5 d5 3. Nc3 Bf5 4. f3 h6 5. Bh4 c6 6. Qd2 Nbd7 7. e3 b5 8. g4 Bh7 9. Bg3 e6 10. Nge2 Nb6 11. b3 b4 12. Nd1 Be7 13. Nf2 Nfd7 14. Nf4 a5 15. N2d3 O-O 16. h4 c5 17. g5 cxd4 18. exd4 Rc8 19. gxh6 Bf6 20. hxg7 Re8 21. Ne2 Kxg7 22. Rc1 Rh8 23. Ndf4 Bf5 24. h5 e5 25. h6+ Kh7 26. Bh3 Bxh3 27. Nxh3 Rg8 28. Qd3+ Kh8 29. Kf2 exd4 30. Nef4 Ne5 31. Qf5 Rc3 32. Nd3 Nxd3+ 33. cxd3 Bh4 34. Qe5+ Qf6 35. Qxf6+ Bxf6 36. Bf4 Bh4+ 37. Ke2 Rg2+ 38. Kf1 Rxa2 39. Rd1 Bf6 40. Re1 Rxd3 41. h7 Rxf3+ 42. Kg1 Re3 43. Bxe3 dxe3 44. Nf4 d4 45. Rc1 d3 46. Nxd3 Bd4 47. Rh4 Bc3 48. Ne1 Rd2 49. Nf3 Rd7 50. Kf1 f6 51. Ke2 Rxh7 52. Re4 Nd5 53. Rg1 Rg7 54. Rh1+ Kg8 55. Nh4 Bd2 56. Kf3 Re7 57. Rg4+ Kf7 58. Nf5 Re5 59. Nd4 Rg5 60. Rgh4 Bc3 61. Rh7+ Rg7 62. Nc6 Rxh7 63. Rxh7+ Kg6 64. Rd7 Nb6 65. Rb7 Nc8 66. Kxe3 Nd6 67. Rd7 Nf5+ 68. Kf4 Bb2 69. Nxa5 Nd4 70. Ke4 f5+ 71. Kd3 Nf3 72. Rb7 Bc3 73. Nc6 Ne5+ 74. Nxe5+ Bxe5 75. Rxb4 Kf6 76. Rc4 Kg5 77. Ke3 f4+ 78. Kf3 Kf5 79. b4 1-0

[Event "27th CRO-chT Women 2018"]
[Site "Biograd"]
[Date "2018.09.12"]
[Round "5.2"]
[White "Spiranec, Noemi"]
[Black "Kruljac, Petra"]
[Result "1/2-1/2"]
[ECO "A84"]
[WhiteElo "2035"]
[BlackElo "2069"]
[Annotator "NA"]
[PlyCount "103"]
[EventDate "2018.09.08"]
[EventType "team-tourn"]
[EventCountry "CRO"]
[SourceTitle "playchess.com"]
[Source "ChessBase"]
[SourceQuality "1"]
[TimeControl "40/5400+30:1800+30"]

1. d4 b6 2. Nf3 Bb7 3. g3 e6 4. Bg2 f5 5. O-O Nf6 6. c4 Bd6 7. Nc3 O-O 8. Re1 Ne4 9. Qc2 Nxc3 10. Qxc3 Be7 11. Bd2 Na6 12. a3 c5 13. e3 Rc8 14. Rad1 Qc7 15. Bc1 Bf6 16. b3 g5 17. Re2 h5 18. Qd2 h4 19. e4 h3 20. e5 Bg7 21. Bh1 g4 22. Ne1 Bxh1 23. Kxh1 cxd4 24. Qxd4 Nc5 25. Qe3 Ne4 26. f3 gxf3 27. Nxf3 Rf7 28. Bb2 Bf8 29. Qd3 Qb7 30. Kg1 Rg7 31. Rf1 Bc5+ 32. Bd4 Bxa3 33. Nh4 Bc5 34. Rf4 Rf8 35. Bxc5 bxc5 36. Qf3 Qc8 37. Qh5 Rh7 38. Qf3 Qe8 39. Qf1 Qh5 40. Rexe4 Rg7 41. Re2 Rg4 42. Ref2 Qxh4 43. Rxg4+ Qxg4 44. Rf4 Qg7 45. Qe2 Rb8 46. Qe3 a5 47. Qxc5 Rxb3 48. Qc8+ Qf8 49. Qxd7 Rb1+ 50. Kf2 Qc5+ 51. Rd4 Qb6 52. Qe8+ 1/2-1/2

[Event "27th CRO-chT Women 2018"]
[Site "Biograd"]
[Date "2018.09.12"]
[Round "5.3"]
[White "Radikovic, Anamarija"]
[Black "Kuhar, Larisa"]
[Result "1/2-1/2"]
[ECO "B55"]
[WhiteElo "1906"]
[BlackElo "1912"]
[Annotator "NA"]
[PlyCount "35"]
[EventDate "2018.09.08"]
[EventType "team-tourn"]
[EventCountry "CRO"]
[SourceTitle "playchess.com"]
[Source "ChessBase"]
[SourceQuality "1"]
[TimeControl "40/5400+30:1800+30"]

1. e4 c5 2. Nf3 d6 3. d4 cxd4 4. Nxd4 Nf6 5. Qd3 e6 6. c4 b6 7. Nc3 Bb7 8. Be2 Nbd7 9. f3 a6 10. O-O Rc8 11. b3 Ne5 12. Qe3 Qc7 13. Bb2 Be7 14. Kh1 h5 15. Rac1 Qb8 16. Na4 Bd8 17. Rfd1 Bc7 18. Nc2 1/2-1/2

[Event "27th CRO-chT Women 2018"]
[Site "Biograd"]
[Date "2018.09.11"]
[Round "5.4"]
[White "Turk, Vesna"]
[Black "Koksa, Jelena"]
[Result "0-1"]
[ECO "D03"]
[WhiteElo "1728"]
[BlackElo "1764"]
[Annotator "NA"]
[PlyCount "109"]
[EventDate "2018.09.08"]
[EventType "team-tourn"]
[EventCountry "CRO"]
[SourceTitle "playchess.com"]
[Source "ChessBase"]
[SourceQuality "1"]
[TimeControl "40/5400+30:1800+30"]

1. d4 d5 2. Nf3 Nf6 3. Bg5 Ne4 4. Bf4 c6 5. c3 Qb6 6. b3 Bf5 7. Nfd2 e6 8. Nxe4 Bxe4 9. Nd2 Bg6 10. Nf3 Nd7 11. e3 Nf6 12. Ne5 Qa5 13. b4 Qb6 14. Nxg6 hxg6 15. h3 Ne4 16. Qb3 Nxc3 17. a3 Ne4 18. Bd3 Nf6 19. O-O Qd8 20. b5 c5 21. dxc5 Bxc5 22. Rac1 Bd6 23. b6 O-O 24. Bxd6 Qxd6 25. bxa7 Rxa7 26. a4 Nd7 27. Qc2 b6 28. Qc6 Qxc6 29. Rxc6 Ne5 30. Rc3 Nxd3 31. Rxd3 Rxa4 32. Rb1 Rb8 33. Rdb3 Ra6 34. Kf1 Kf8 35. Ke2 Ke7 36. R1b2 Kd6 37. Rc2 b5 38. g4 Rc6 39. Rd2 b4 40. e4 Rc3 41. Rdb2 Rxb3 42. Rxb3 dxe4 43. Kd2 Kd5 44. Kc2 f5 45. Re3 Kd4 46. Kb3 f4 47. Re1 Kd3 48. Rd1+ Ke2 49. Rd4 e3 50. fxe3 Kxe3 51. Rd7 e5 52. Rxg7 f3 53. Rxg6 f2 54. Rf6 Ke2 55. g5 0-1

[Event "27th CRO-chT Women 2018"]
[Site "Biograd"]
[Date "2018.09.12"]
[Round "5.5"]
[White "Nikolova, Adriana"]
[Black "Kejzar, Petra"]
[Result "1-0"]
[ECO "B22"]
[WhiteElo "2281"]
[BlackElo "2067"]
[Annotator "ChessBase"]
[PlyCount "71"]
[EventDate "2018.09.08"]
[EventType "team-tourn"]
[EventCountry "CRO"]
[SourceTitle "playchess.com"]
[Source "ChessBase"]
[SourceQuality "1"]
[TimeControl "40/5400+30:1800+30"]

1. e4 c5 2. Nf3 e6 3. c3 Nf6 4. e5 Nd5 5. d4 cxd4 6. cxd4 d6 7. Bc4 Be7 8. O-O O-O 9. Qe2 b6 10. Nbd2 Bb7 11. Ne4 dxe5 12. dxe5 Nd7 13. a3 Rc8 14. Bd3 Qc7 15. Neg5 h6 16. Nh3 Nc5 17. Bc4 Nd7 18. Bb5 a6 19. Bd3 Nc5 20. Bb1 f5 21. exf6 Rxf6 22. Qc2 Bf8 23. b4 Nd7 24. Qh7+ Kf7 25. Nh4 Qc3 26. Bg6+ Ke7 27. Bxh6 Kd6 28. Bg5 Qe5 29. Rae1 Qd4 30. Qg8 Qg4 31. f3 Qd4+ 32. Kh1 Be7 33. Qxg7 Rc3 34. Rd1 Qe5 35. Rfe1 Bf8 36. Qh7 1-0

[Event "27th CRO-chT Women 2018"]
[Site "Biograd"]
[Date "2018.09.12"]
[Round "5.6"]
[White "Sulc, Gordana"]
[Black "Berke, Ana"]
[Result "0-1"]
[ECO "B56"]
[WhiteElo "1866"]
[BlackElo "2170"]
[Annotator "ChessBase"]
[PlyCount "72"]
[EventDate "2018.09.08"]
[EventType "team-tourn"]
[EventCountry "CRO"]
[SourceTitle "playchess.com"]
[Source "ChessBase"]
[SourceQuality "1"]
[TimeControl "40/5400+30:1800+30"]

1. e4 c5 2. Nf3 d6 3. d4 cxd4 4. Nxd4 Nf6 5. Nc3 Nc6 6. f3 e5 7. Nb3 Be7 8. Bc4 O-O 9. Be3 Be6 10. Nd5 Rc8 11. Qd2 Nd4 12. Nxe7+ Qxe7 13. Bxd4 Rxc4 14. Be3 d5 15. exd5 Nxd5 16. c3 Rd8 17. Rd1 Rcc8 18. Qf2 Nxe3 19. Rxd8+ Rxd8 20. Qxe3 Bc4 21. Na5 Ba6 22. Qxa7 h6 23. Nb3 Qh4+ 24. Qf2 Qa4 25. Qb6 Re8 26. Kf2 Qh4+ 27. g3 Qh3 28. Nc5 Bc4 29. Qxb7 f5 30. Qd7 Bf7 31. a4 h5 32. b4 h4 33. g4 e4 34. fxe4 fxe4 35. Qf5 e3+ 36. Ke1 Qg2 0-1

[Event "27th CRO-chT Women 2018"]
[Site "Biograd"]
[Date "2018.09.12"]
[Round "5.7"]
[White "Bogdanic, Katarina"]
[Black "Mican, Karmela"]
[Result "1/2-1/2"]
[ECO "A29"]
[WhiteElo "1921"]
[BlackElo "1890"]
[Annotator "NA"]
[PlyCount "64"]
[EventDate "2018.09.08"]
[EventType "team-tourn"]
[EventCountry "CRO"]
[SourceTitle "playchess.com"]
[Source "ChessBase"]
[SourceQuality "1"]
[TimeControl "40/5400+30:1800+30"]

1. c4 e5 2. g3 Nf6 3. Bg2 d5 4. cxd5 Nxd5 5. Nc3 Nb6 6. Nf3 Nc6 7. d3 Be7 8. O-O O-O 9. Be3 Be6 10. Rc1 f5 11. Na4 Nd5 12. Bc5 Bd6 13. a3 Kh8 14. b4 a6 15. Qd2 h6 16. Nh4 Nce7 17. Bxd6 cxd6 18. e4 Nb6 19. exf5 Bxf5 20. Nc3 Rb8 21. a4 Bh7 22. a5 Nbc8 23. Be4 Nc6 24. Ne2 d5 25. Bxh7 Kxh7 26. Qe3 Nd6 27. Qc5 Nf5 28. Nxf5 Rxf5 29. f4 Qf8 30. fxe5 Nxe5 31. Nf4 Qxc5+ 32. Rxc5 g5 1/2-1/2

[Event "27th CRO-chT Women 2018"]
[Site "Biograd"]
[Date "2018.09.12"]
[Round "5.8"]
[White "Lijic, Kristina"]
[Black "Golub, Nikolina"]
[Result "0-1"]
[ECO "A21"]
[WhiteElo "1715"]
[BlackElo "1839"]
[Annotator "NA"]
[PlyCount "94"]
[EventDate "2018.09.08"]
[EventType "team-tourn"]
[EventCountry "CRO"]
[SourceTitle "playchess.com"]
[Source "ChessBase"]
[SourceQuality "1"]
[TimeControl "40/5400+30:1800+30"]

1. c4 e5 2. Nc3 f5 3. g3 Nf6 4. Bg2 d6 5. e3 Be7 6. Nge2 O-O 7. b3 c6 8. Bb2 Nbd7 9. d4 Qe8 10. O-O Nb6 11. Re1 Qh5 12. Nc1 Qxd1 13. Rxd1 e4 14. N1e2 g5 15. Rac1 a5 16. a4 d5 17. c5 Nbd7 18. f4 Ng4 19. h3 Nxe3 20. Re1 Nxg2 21. Kxg2 h6 22. Nd1 Nf6 23. Ne3 Nh5 24. Rg1 Kh7 25. Kh2 Be6 26. Bc3 gxf4 27. Nxf4 Nxf4 28. gxf4 Bd8 29. Bd2 Bc7 30. Ng2 Rg8 31. Nh4 Raf8 32. Rb1 Bd8 33. Be1 Bf6 34. Rd1 Rxg1 35. Kxg1 Rb8 36. Ng2 Bd8 37. b4 axb4 38. Rb1 Bc8 39. Bxb4 Ra8 40. Ra1 b6 41. Ne3 Bc7 42. Ng2 Ba6 43. Ra3 Bd3 44. Ne1 Be2 45. cxb6 Bxb6 46. Bc3 c5 47. dxc5 Bxc5+ 0-1

[Event "27th CRO-chT Women 2018"]
[Site "Biograd"]
[Date "2018.09.12"]
[Round "5.9"]
[White "Lakos, Nikoletta"]
[Black "Videkovic, Marina"]
[Result "1-0"]
[ECO "B52"]
[WhiteElo "2258"]
[BlackElo "1833"]
[Annotator "ChessBase"]
[PlyCount "27"]
[EventDate "2018.09.08"]
[EventType "team-tourn"]
[EventCountry "CRO"]
[SourceTitle "playchess.com"]
[Source "ChessBase"]
[SourceQuality "1"]
[TimeControl "40/5400+30:1800+30"]

1. e4 c5 2. Nf3 d6 3. Bb5+ Bd7 4. Bxd7+ Qxd7 5. c4 Qg4 6. O-O Qxe4 7. d4 Nf6 8. Nc3 Qc6 9. Re1 Nbd7 10. dxc5 dxc5 11. Nb5 e6 12. Bf4 Nh5 13. Ne5 Nxe5 14. Bxe5 1-0

[Event "27th CRO-chT Women 2018"]
[Site "Biograd"]
[Date "2018.09.11"]
[Round "5.10"]
[White "Grgic, Neomi"]
[Black "Stadler, Brigita"]
[Result "1/2-1/2"]
[ECO "B01"]
[WhiteElo "1851"]
[BlackElo "2067"]
[Annotator "NA"]
[PlyCount "84"]
[EventDate "2018.09.08"]
[EventType "team-tourn"]
[EventCountry "CRO"]
[SourceTitle "playchess.com"]
[Source "ChessBase"]
[SourceQuality "1"]
[TimeControl "40/5400+30:1800+30"]

1. e4 d5 2. exd5 Nf6 3. Nf3 Nxd5 4. d4 g6 5. c4 Nb6 6. h3 Bg7 7. Nc3 O-O 8. Be2 c6 {[%emt 0:09:30] B01: Skandinavische Verteidigung} (8... Nc6 9. Be3 e5 10. d5 Ne7 11. O-O Nf5 12. Bg5 f6 13. Bc1 c5 14. dxc6 bxc6 15. b3 Qe7 16. Ne4 Rd8 17. Qc2 Be6 18. a4 c5 19. Ba3 Rac8 20. Rad1 Nd7 21. Rfe1 {1-0 (39) Nepomniachtchi,I (2729)-Smagin,S (2551) Olginka 2011}) 9. O-O Be6 10. Qb3 a5 11. a4 Na6 12. Be3 Nb4 13. Rfd1 $146 ({Vorgänger:} 13. Rac1 Bf5 14. Rfd1 Bc8 15. d5 Nd7 16. Ne4 {1-0 (72) Mousavi,S (2135)-Baltag,I (2218) Artek 1999}) 13... Qc7 14. Rac1 f6 15. Ne4 Bf7 16. d5 Nd7 17. d6 exd6 18. Nxd6 c5 19. Bf4 Ne5 20. Qe3 b6 21. Kf1 Nbc6 22. Nxe5 fxe5 23. Bh6 Bxh6 24. Qxh6 Nd4 25. Ne4 Be8 26. Qh4 Bxa4 27. Rd3 Rf4 28. Nf6+ Kh8 29. Nd5 Rxh4 30. Nxc7 Rf8 31. Bg4 Bc6 32. Re3 e4 33. Nd5 Nf5 34. Rb3 Bxd5 35. cxd5 Rf6 36. Re1 e3 37. Bxf5 gxf5 38. Rexe3 c4 {[%emt 0:06:32] [#]} 39. Rb5 $1 Re4 $16 {[%emt 0:00:48] [#]} (39... Kg7 $142) 40. Ke2 ({White should play} 40. Rxe4 $1 $18 fxe4 41. Ke2) 40... Kg7 41. Rxe4 fxe4 42. Ke3 Kf7 1/2-1/2

[Event "27th CRO-chT Women 2018"]
[Site "Biograd"]
[Date "2018.09.13"]
[Round "7.1"]
[White "Nikolova, Adriana"]
[Black "Ivekovic, Ana"]
[Result "1-0"]
[ECO "C49"]
[WhiteElo "2281"]
[BlackElo "2118"]
[Annotator "NA"]
[PlyCount "91"]
[EventDate "2018.09.08"]
[EventType "team-tourn"]
[EventCountry "CRO"]
[SourceTitle "playchess.com"]
[Source "ChessBase"]
[SourceQuality "1"]
[TimeControl "40/5400+30:1800+30"]

1. e4 e5 2. Nf3 Nc6 3. Nc3 Nf6 4. Bb5 Bb4 5. O-O O-O 6. d3 d6 7. Bg5 a6 8. Bxf6 gxf6 9. Bxc6 bxc6 10. Nh4 Bxc3 11. bxc3 Kh8 12. f4 Rg8 13. fxe5 ({Better is} 13. Qh5 $16) 13... fxe5 14. Nf5 Qg5 15. Qe2 Be6 16. Rf3 Rg6 17. d4 Bxf5 18. Rxf5 Qe7 19. Raf1 Rg7 20. dxe5 dxe5 21. Qc4 Rd8 22. R5f2 Rdg8 23. Qxc6 Qh4 24. Qd5 f6 25. Kh1 Rg6 26. Re2 Rh6 27. h3 Rhg6 28. Qe6 a5 29. a4 Rh6 (29... Qh6 $14) 30. Rf3 Qg5 31. Ref2 Rgg6 (31... Rh4 $16 {was worth a try.}) 32. Qc8+ Rg8 33. Qxc7 Qg4 34. Qc6 Qg5 35. Qe6 Rf8 36. c4 Qc1+ 37. Kh2 Rg6 38. Rxf6 Rfxf6 39. Rxf6 Qxc2 40. Rxg6 hxg6 41. Qxe5+ Kh7 42. c5 Qxa4 43. Qd5 Qc2 44. c6 Qc1 45. Qf7+ Kh6 46. c7 1-0

[Event "27th CRO-chT Women 2018"]
[Site "Biograd"]
[Date "2018.09.13"]
[Round "7.2"]
[White "Spiranec, Noemi"]
[Black "Berke, Ana"]
[Result "1-0"]
[ECO "A88"]
[WhiteElo "2035"]
[BlackElo "2170"]
[Annotator "NA"]
[PlyCount "73"]
[EventDate "2018.09.08"]
[EventType "team-tourn"]
[EventCountry "CRO"]
[SourceTitle "playchess.com"]
[Source "ChessBase"]
[SourceQuality "1"]
[TimeControl "40/5400+30:1800+30"]

1. d4 f5 2. c4 Nf6 3. Nf3 g6 4. g3 Bg7 5. Bg2 O-O 6. O-O {[%emt 0:01:00] LiveBook: 3912 Games} d6 7. Nc3 c6 8. Re1 Ne4 9. Qb3 {[%emt 0:07:30] A88: Holländische Verteidigung (Leningrader Variante)} (9. Qc2 Nxc3 10. bxc3 e5 11. e4 fxe4 12. Qxe4 Bf5 13. Qe3 Nd7 14. Ba3 Nb6 15. Qe2 Re8 16. dxe5 dxe5 17. Rad1 {0-1 (34) Vachier Lagrave,M (2745)-Ponomariov,R (2731) Beijing 2013}) 9... Nxc3 10. bxc3 Nd7 $146 ({Vorgänger:} 10... Kh8 11. e4 fxe4 12. Rxe4 Nd7 13. Ba3 Bf6 14. Rae1 a5 15. h4 a4 16. Qd1 Nb6 {½-½ (27) Chan,N (2041)-Potapov,P (2492) Platja d'Aro 2017}) 11. e4 fxe4 12. Ng5 Nf6 13. Nxe4 Nxe4 14. Rxe4 e5 15. c5+ Kh8 16. cxd6 exd4 17. Rxd4 Bxd4 18. cxd4 h5 19. Bb2 Kh7 $18 (19... Qxd6 $142 20. Ba3 (20. d5+ Kh7 $16) 20... Qf6) 20. Re1 Qf6 21. Re7+ Kh6 22. Qe3+ g5 23. h4 Rg8 24. hxg5+ Qxg5 25. Qxg5+ Kxg5 26. d7 Bxd7 27. Rxd7 h4 28. Bc1+ Kg4 29. f3+ Kf5 30. gxh4 b5 31. Kf2 Rgd8 32. Bh3+ Kg6 33. Bg5 Rxd7 34. Bxd7 b4 35. Bxc6 Rb8 36. d5 Rb6 37. d6 1-0

[Event "27th CRO-chT Women 2018"]
[Site "Biograd"]
[Date "2018.09.13"]
[Round "7.3"]
[White "Bogdanic, Katarina"]
[Black "Kuhar, Larisa"]
[Result "1-0"]
[ECO "A05"]
[WhiteElo "1921"]
[BlackElo "1912"]
[Annotator "NA"]
[PlyCount "101"]
[EventDate "2018.09.08"]
[EventType "team-tourn"]
[EventCountry "CRO"]
[SourceTitle "playchess.com"]
[Source "ChessBase"]
[SourceQuality "1"]
[TimeControl "40/5400+30:1800+30"]

1. Nf3 c5 2. g3 b6 3. Bg2 Bb7 4. O-O Nf6 5. d3 e6 6. e4 d6 7. Nbd2 Nbd7 {[%emt 0:02:30] A05: Réti Opening: 1 Nf3 Nf6} (7... Be7 8. c3 Nbd7 9. Qe2 Qc7 10. Rd1 O-O 11. d4 cxd4 12. cxd4 Rac8 13. Ne1 a6 14. Nd3 b5 15. f3 a5 {½-½ (41) Karjakin,S (2753)-Tomashevsky,E (2747) Chita 2015}) 8. a4 a6 9. Nc4 Qc7 10. Bf4 $146 ({Predecessor:} 10. Qe1 Be7 11. Bf4 Nh5 12. Bd2 O-O 13. Qe2 Rae8 14. Ng5 Nhf6 15. Ne3 h6 16. Nf3 b5 17. axb5 axb5 18. Ra5 Bc6 19. Rfa1 Ra8 {½-½ (19) Meyer,S (2187)-Haas,F (2182) Dotzheim 2002}) 10... e5 11. Bd2 g6 12. Ne3 Bg7 13. c4 O-O 14. Qc1 Nb8 15. Nd5 Nxd5 16. cxd5 Nd7 17. Bh6 Rac8 18. Bxg7 Kxg7 19. Nd2 b5 20. axb5 axb5 21. Qc3 Ra8 22. f4 b4 23. Qc2 exf4 24. gxf4 f5 25. Rxa8 Bxa8 26. Nc4 Nb6 27. Nxb6 Qxb6 28. Kh1 ({White should try} 28. e5 $11) 28... fxe4 29. dxe4 Qd8 30. Qa4 Qe7 31. Qa6 Bb7 32. Qd3 Qf6 33. Qe2 Qe7 34. Qe1 Ba6 35. Rf2 Qh4 36. Qe3 g5 37. f5 g4 38. Qf4 Rf6 $16 (38... Bd3 $11 {remains equal.}) 39. Kg1 Rh6 40. e5 dxe5 41. Qxe5+ Qf6 42. Qc7+ Kg8 43. Qxc5 Qe5 44. Bf1 Bxf1 45. Kxf1 Rd6 46. Qc8+ Kf7 47. Qc7+ Kg8 48. f6 Qxf6 49. Rxf6 Rxf6+ 50. Kg2 h5 51. d6 1-0

[Event "27th CRO-chT Women 2018"]
[Site "Biograd"]
[Date "2018.09.13"]
[Round "7.4"]
[White "Dejanovic, Tereza"]
[Black "Golub, Nikolina"]
[Result "1-0"]
[ECO "B22"]
[WhiteElo "1815"]
[BlackElo "1839"]
[Annotator "NA RC"]
[PlyCount "153"]
[EventDate "2018.09.08"]
[EventType "team-tourn"]
[EventCountry "CRO"]
[SourceTitle "playchess.com"]
[Source "ChessBase"]
[SourceQuality "1"]
[TimeControl "40/5400+30:1800+30"]

1. e4 c5 2. c3 Nf6 3. e5 Nd5 4. d4 cxd4 5. Nf3 e6 6. cxd4 b6 7. Be2 Ba6 8. O-O Be7 9. Nc3 Nxc3 10. bxc3 O-O 11. Bxa6 Nxa6 12. Qd3 {[%emt 0:00:30] B22: Sicilian: 2 c3} Nc7 13. c4 d5 14. exd6 Qxd6 15. a4 {[%emt 0:02:30] [#]} f6 $146 (15... Na6 $11) ({Predecessor:} 15... Rfe8 16. Ba3 Qd8 17. Bxe7 Rxe7 18. a5 h6 19. axb6 axb6 20. Qe4 Rc8 21. Ne5 Qd6 22. Qb7 Ree8 23. Rfd1 Rb8 {½-½ (23) Fiebig,T (2401)-Krejci,J (2533) Germany 2014}) 16. Re1 Qd7 17. Ba3 Bxa3 18. Qxa3 Rfd8 19. Rac1 Rac8 20. Qb3 Kf7 21. Rc3 Qc6 22. a5 Nb5 23. cxb5 Qxc3 24. Qxe6+ Kg6 25. Ne5+ Kh6 26. Nf7+ Kg6 27. Nxd8 Rxd8 28. axb6 axb6 29. Qe4+ Kh6 30. Qe3+ Qxe3 31. fxe3 Rd5 32. Rb1 f5 33. Rb4 Kg5 34. Kf2 h6 35. Ke2 Kf6 36. Kd3 g6 37. Kc4 Rd8 38. Ra4 Rc8+ 39. Kd3 Ke6 40. Ra6 Rb8 41. Ra7 h5 42. h4 Kf6 43. Rc7 Ke6 44. Rc6+ Kf7 45. d5 Rd8 46. Kd4 Re8 47. Rxb6 Re4+ 48. Kc5 Rxe3 49. Re6 Rc3+ 50. Kd6 Rb3 51. Kc6 Rc3+ 52. Kd7 Rc5 53. d6 $2 (53. b6 Rxd5+ 54. Rd6) 53... Rxb5 54. Re2 Rb4 55. Rd2 Rc4 56. Rd3 Rc2 $2 (56... Rxh4 $11 57. Rc3 Ra4) 57. g3 Rc1 58. Kd8 Ra1 59. d7 Rc1 60. Rd6 Rc3 61. Ra6 Rc1 62. Ra8 Rc3 63. Rc8 Rxg3 64. Kc7 Rc3+ 65. Kb6 Rd3 66. d8=Q Rxd8 67. Rxd8 Kf6 68. Kc5 f4 69. Rd5 f3 70. Rd3 Kf5 71. Rxf3+ Kg4 72. Rf6 g5 73. hxg5 Kxg5 74. Rf8 h4 75. Kd4 Kg4 76. Ke3 h3 77. Kf2 1-0